 Dungeon Crawl Stone Soup version 0.22-a0-322-g60b3cfd (webtiles) character file.

214 4thArraOfDagon the Skirmisher (level 5, -5/41 HPs)
             Began as a Mummy Enchanter on Apr 3, 2018.
             Slain by an orc
             ... wielding a +0 flail
              (10 damage)
             ... on level 7 of the Dungeon.
             The game lasted 00:06:47 (1449 turns).

4thArraOfDagon the Skirmisher (Mummy Enchanter)     Turns: 1449, Time: 00:06:48

Health: -5/41      AC:  4    Str: 11    XL:     5   Next: 59%
Magic:  2/9        EV: 12    Int: 15    God:
Gold:   82         SH:  0    Dex: 13    Spells: 0/9 levels left

rFire    x . .     SeeInvis .   d - +0 short sword (venom)
rCold    + . .     Gourm    .   (no shield)
rNeg     + + +     Faith    .   b - +1 robe
rPois    ∞         Spirit   .   j - +0 helmet
rElec    .         Reflect  .   (no cloak)
rCorr    .         Harm     .   (no gloves)
MR       .....                  (no boots)
Stlth    ++........             (no amulet)
HPRegen  0.13/turn              (no ring)
MPRegen  0.11/turn              (no ring)

@: no status effects
A: no food or potions, fire vulnerability, cold resistance 1, negative energy
resistance 3, torment resistance, unbreathing
a: no special abilities


You were on level 7 of the Dungeon.
You were not hungry.

You visited 1 branch of the dungeon, and saw 7 of its levels.

You collected 82 gold pieces.

Inventory:

Hand Weapons
 a - a +1 dagger
 d - a +0 short sword of venom (weapon)
 f - a +0 dagger of speed
Armour
 b - a +1 robe (worn)
 j - a +0 helmet (worn)
Scrolls
 c - 3 scrolls of remove curse
 e - a scroll of immolation
 h - a scroll of enchant armour
 i - a scroll of fear


   Skills:
 + Level 3.6 Fighting
 - Level 3.3 Short Blades
 - Level 1.5 Dodging
 - Level 2.4 Stealth
 - Level 2.6 Spellcasting
 - Level 2.6 Hexes


You couldn't memorise any spells.
You knew the following spells:

 Your Spells              Type           Power        Failure   Level  Hunger
a - Corona                Hex            ##.....      7%          1    N/A
b - Ensorcelled Hibernat  Hex/Ice        #.....       19%         2    N/A
c - Confuse               Hex            ##......     21%         3    N/A
d - Tukima's Dance        Hex            ##......     21%         3    N/A

Dungeon Overview and Level Annotations

Branches:
Dungeon (7/15)
 Temple: D:4-7

Altars:
Fedhas
Hepliaklqana
Makhleb
Qazlal

Annotations:
D:1 1 exclusion
D:4 Eustachio
D:5 xccam's ghost, novice GnWn


Innate Abilities, Weirdness & Mutations

You do not eat or drink.
Your flesh is vulnerable to fire.
You are immune to poison.
Your flesh is cold resistant. (rC+)
You are immune to negative energy. (rN+++)
You are immune to unholy pain and torment.
You can survive without breathing.


Message History

Unknown command.
You hit the jackal zombie.
You destroy the jackal zombie!
Unknown command.
Casting: Ensorcelled Hibernation (safe; 19% risk of failure)
Confirm with . or Enter, or press ? or * to list all spells.
Aiming: Ensorcelled Hibernation (safe; 19% risk of failure)
Press: ? - help, Shift-Dir - straight line, f - orc
Aim: an orc, wielding a flail and wearing a leather armour (chance to defeat MR: 55%)
The orc resists with significant effort.
The orc barely misses you.
Unknown command.
Casting: Ensorcelled Hibernation (safe; 19% risk of failure)
Confirm with . or Enter, or press ? or * to list all spells.
Aiming: Ensorcelled Hibernation (safe; 19% risk of failure)
Press: ? - help, Shift-Dir - straight line, f/p - orc
Aim: an orc, wielding a flail and wearing a leather armour (chance to defeat MR: 55%)
The orc resists with significant effort.
The orc hits you with a flail!
You die...

########
##...Yo@#
##...#####
#....#
#....#
#.../#
#...Y#
#....#
##...#
#....#


You could see an ice beast and an orc.

Vanquished Creatures
  A crimson imp (D:3)
  A hound (D:5)
  An orc wizard (D:5)
  2 worker ants (D:4)
  2 adders
  A shadow imp (D:5)
  An adder skeleton (D:4)
  2 leopard geckos (D:3)
  2 orcs (D:5)
  4 bats
  3 giant cockroaches
  2 goblins (D:3)
  4 hobgoblins
  2 jackals (D:2)
  2 quokkas (D:2)
  2 ball pythons
  4 frilled lizards
  A jackal skeleton (D:5)
  A jackal zombie (D:7)
  5 kobolds
  2 rats (D:1)
45 creatures vanquished.

Vanquished Creatures (others)
  A hound (D:5)
  2 leopard geckos (D:5)
  An orc (D:5)
  A ball python (D:5)
  A giant cockroach (D:5)
  A frilled lizard (D:5)
7 creatures vanquished.

Grand Total: 52 creatures vanquished

Notes
Turn   | Place    | Note
-------+----------+-------------------------------------------
     0 | D:1      | 4thArraOfDagon the Mummy Enchanter began the quest for the Orb.
     0 | D:1      | Reached XP level 1. HP: 13/13 MP: 4/4
    32 | D:1      | Reached skill level 1 in Short Blades
   109 | D:1      | Reached XP level 2. HP: 15/19 MP: 5/5
   113 | D:1      | Learned a level 2 spell: Ensorcelled Hibernation
   205 | D:2      | Found a burning altar of Makhleb.
   344 | D:2      | Found a blossoming altar of Fedhas.
   367 | D:2      | Reached XP level 3. HP: 18/24 MP: 0/7
   442 | D:3      | Learned a level 3 spell: Confuse
   802 | D:3      | Reached XP level 4. HP: 19/30 MP: 4/8
   871 | D:4      | Reached skill level 1 in Fighting
  1010 | D:4      | Noticed Eustachio
  1022 | D:5      | Entered Level 5 of the Dungeon
  1088 | D:5      | Found a burning altar of Makhleb.
  1107 | D:5      | Reached XP level 5. HP: 24/40 MP: 7/9
  1141 | D:5      | Learned a level 3 spell: Tukima's Dance
  1155 | D:6      | Noticed an ogre
  1306 | D:5      | Found a hazy altar of Hepliaklqana.
  1306 | D:5      | Found a stormy altar of Qazlal.
  1341 | D:5      | Noticed xccam's ghost (novice GnWn)
  1410 | D:6      | Noticed a black bear
  1433 | D:7      | Noticed an ice beast
  1449 | D:7      | Slain by an orc

Vault maps used:
D:1:      evilmike_arrival_run_for_it
D:2:      lemuel_doored_altar, nicolae_overflow_hidden_temple,
          minmay_crystal_room, minmay_misc_feat_rows, bloody_makhleb
D:3:      nicolae_ru_path_of_blood, first_ration
D:4:      lemuel_round_altar, minmay_temple_entry_purple_smoke,
          uniq_blork_the_orc, uniq_eustachio
D:5:      kennysheep_mini, gammafunk_temple_overflow_wave, xom_confusion_cloud
D:6:      grunt_ministairs_10
D:7:      slow_altar_2, uniq_crazy_yiuf_cottage

Skill      XL: |  1  2  3  4  5 |
---------------+----------------+-----
Short Blades   | 1 2 3 |  3.3
Fighting       | 2 3 |  3.6
Dodging        | |  1.5
Stealth        | |  2.4
Spellcasting   | |  2.6
Hexes          | |  2.6

Action                   |  1- 3 |  4- 6 || total
-------------------------+-------+-------++-------
Melee: Dagger            |    32 |       ||    32
       Short sword       |    53 |    58 ||   111
 Cast: Corona            |    12 |       ||    12
       Ensorcelled Hiber |     8 |    12 ||    20
       Confuse           |       |     3 ||     3
  Use: Scroll            |       |     7 ||     7
 Stab: Sleeping          |     8 |     6 ||    14
Armor: Robe              |    15 |    14 ||    29
Dodge: Dodged            |    56 |    48 ||   104

Table legend:
 A = Spawn XP
 B = Non-spawn XP
 C = Spawn XP percentage of total XP
 D = Spawn monster count
 E = Non-spawn monster count
 F = Spawn count percentage of total count
 G = Total turns spent on level
                    A         B        C        D         E        F      G
               +---------+---------+-------+---------+---------+-------+---------
         Total |       0 |     306 |   0.0 |       0 |      45 |   0.0 |  1449
               +---------+---------+-------+---------+---------+-------+---------
           D:1 |       0 |      12 |   0.0 |       0 |       8 |   0.0 |   137
           D:2 |       0 |      33 |   0.0 |       0 |      12 |   0.0 |   352
           D:3 |       0 |      68 |   0.0 |       0 |      12 |   0.0 |   352
           D:4 |       0 |      79 |   0.0 |       0 |       5 |   0.0 |   202
           D:5 |       0 |     113 |   0.0 |       0 |       7 |   0.0 |   355
           D:7 |       0 |       1 |   0.0 |       0 |       1 |   0.0 |    16
               +---------+---------+-------+---------+---------+-------+---------
